 Dungeon Crawl Stone Soup version 0.26.0-90-g5fd8617961 (webtiles) character file.

Game seed: 1966939870331595607

5085 swilekon the Thaumaturge (level 10, -5/58 HPs)
             Began as a Deep Elf Fire Elementalist on Feb 3, 2021.
             Was an Initiate of Gozag.
             Killed themself with a badly aimed fireball (9 damage)
             ... on level 9 of the Dungeon.
             The game lasted 00:32:29 (12717 turns).

swilekon the Thaumaturge (DEFE)                    Turns: 12717, Time: 00:32:29

Health: -5/58      AC:  5    Str:  5    XL:     10   Next: 31%
Magic:  2/25       EV: 17    Int: 24    God:    Gozag
Gold:   89         SH:  0    Dex: 17    Spells: 23/32 levels left

rFire    . . .     SeeInvis +   d - +3 flail (protect)
rCold    . . .     Faith    .   (no shield)
rNeg     . . .     Spirit   .   a - +0 robe
rPois    .         Reflect  .   v - +1 helmet
rElec    .         Harm     .   f - +0 cloak
rCorr    .         Rampage  .   (no gloves)
Will     +....                  (no boots)
Stlth    +++.......             (no amulet)
HPRegen  0.19/turn              j - ring of see invisible
MPRegen  0.19/turn              k - ring of wizardry

@: no status effects
A: agile 1, low mp 1
a: Renounce Religion, Potion Petition, Call Merchant, Bribe Branch


You were on level 9 of the Dungeon.
You worshipped Gozag.
Gozag was noncommittal.
You visited 2 branches of the dungeon, and saw 10 of its levels.
You also visited: Ossuary.

You collected 990 gold pieces.
You paid 901 gold pieces to Gozag.

Inventory:

Hand Weapons
 d - a +3 flail of protection (weapon)
Armour
 a - a +0 robe (worn)
 f - a +0 cloak (worn)
 v - a +1 helmet (worn)
Jewellery
 j - a ring of see invisible (left hand)
 k - a ring of wizardry (right hand)
Wands
 o - a wand of flame (15)
Scrolls
 e - 4 scrolls of remove curse
 l - a scroll of enchant armour
 n - a scroll of enchant weapon
 r - 3 scrolls of amnesia
 s - a scroll of magic mapping
 t - a scroll of identify
Potions
 b - 2 potions of curing {unknown}
 c - a potion of flight
 g - 2 potions of berserk rage {unknown}
 h - a potion of haste
 i - 4 potions of might
 m - a potion of magic {unknown}
 p - a potion of brilliance
 q - 2 potions of ambrosia


   Skills:
 + Level 4.3 Fighting
 + Level 7.7 Dodging
 - Level 5.0 Stealth
 * Level 11.7 Spellcasting
 + Level 6.8 Conjurations
 + Level 7.5 Fire Magic


You had 23 spell levels left.
You knew the following spells:

 Your Spells              Type           Power        Failure   Level
a - Foxfire               Conj/Fire      100%         1%          1
b - Inner Flame           Hex/Fire       32%          1%          3
c - Fireball              Conj/Fire      24%          2%          5

Your spell library contained the following spells:

 Spells                   Type           Power        Failure   Level
 Corona                   Hex            15%          1%          1
 Shock                    Conj/Air       100%         1%          1
 Conjure Flame            Conj/Fire      48%          1%          3
 Dazzling Flash           Conj/Hex       60%          1%          3
 Static Discharge         Conj/Air       30%          1%          3
 Sticky Flame             Conj/Fire      48%          1%          4
 Ensorcelled Hibernation  Hex/Ice        28%          2%          2
 Swiftness                Air            14%          2%          2
 Confusing Touch          Hex            14%          5%          3
 Tukima's Dance           Hex            14%          5%          3
 Lightning Bolt           Conj/Air       15%          12%         5
 Airstrike                Air            7%           17%         4


Dungeon Overview and Level Annotations

Branches:
Dungeon (9/15)             Temple (1/1) D:7         Ossuary (visited)
   Lair: D:8-11         Orc: D:9-12

Altars:
Ashenzari
Cheibriados
Dithmenos
Elyvilon
Fedhas
Gozag
Kikubaaqudgha
Makhleb
Nemelex Xobeh
Ru
Trog
Uskayaw
Wu Jian
The Shining One

Shops:
D:7 (   D:8 =


Innate Abilities, Weirdness & Mutations

You are agile. (Dex +2)
Your magical capacity is low. (-10% MP)


Message History

The yak gores you but does no damage. The yak closely misses you.
You closely miss the yak.
The yak is almost dead.
The yak gores you!!
* * * LOW HITPOINT WARNING * * *
The yak gores you.
* * * LOW HITPOINT WARNING * * *
Okay, then.
Okay, then.
Casting: Foxfire (safe; 1% risk of failure)
Confirm with . or Enter, or press ? or * to list all spells.
Aiming: Fireball (dangerous; 2% risk of failure)
Press: ? - help, Shift-Dir - straight line, f/p - yak
Aim: a yak (moderately wounded) That beam is likely to hit you.
Continue anyway?
The fireball explodes!
The fireball engulfs the yak!!
The yak is severely wounded.
The fireball engulfs you!
You die...
Your body crumbles into a pile of gold.

##.##
#.<#
##.##
#..#
#.##
##.#
#..#
##Y##
#Y@#
#.##
###


You could see 2 yaks.

Vanquished Creatures
  A two-headed ogre (D:8)
  A cyclops (D:7)
  Joseph (D:7)
  Sigmund (D:2)
  A wyvern (D:8)
  3 yaks (D:9)
  Edmund (D:4)
  A water moccasin (D:7)
  2 orc warriors
  2 phantoms
  2 sky beasts
  3 ogres
  3 centaurs
  4 bullfrogs
  2 water moccasin skeletons
  4 howler monkeys
  3 vampire bats (D:5)
  4 hounds
  3 orc priests
  A bullfrog skeleton (D:8)
  3 jellies
  A centaur zombie (D:6)
  6 orc wizards
  An iguana (D:6)
  7 worker ants
  3 hound skeletons
  8 mummies (Ossuary)
  Robin (D:2)
  6 adders
  4 gnolls (D:8)
  2 shadow imps
  3 white imps
  2 ufetubi
  2 oozes
  An adder skeleton (D:6)
  2 worms (D:3)
  14 orcs
  5 bats
  2 bat skeletons (D:5)
  3 bat zombies (D:5)
  2 giant cockroaches
  15 goblins
  7 hobgoblins
  14 jackals
  4 quokkas
  3 ball pythons
  4 frilled lizards
  2 gnoll zombies (Ossuary)
  2 hobgoblin zombies (Ossuary)
  15 kobolds
  3 kobold zombies (Ossuary)
  3 leopard gecko skeletons
  An orc zombie (Ossuary)
  A quokka skeleton (D:5)
  A quokka zombie (D:9)
  4 rats
200 creatures vanquished.

Vanquished Creatures (others)
  1088 foxfires
1088 creatures vanquished.

Grand Total: 1288 creatures vanquished

Notes
Turn   | Place    | Note
-------+----------+-------------------------------------------
     0 | D:1      | swilekon the Deep Elf Fire Elementalist began the quest for
                  | the Orb.
     0 | D:1      | Reached XP level 1. HP: 10/10 MP: 6/6
   521 | D:1      | Reached XP level 2. HP: 15/15 MP: 2/8
   994 | D:2      | Reached XP level 3. HP: 19/19 MP: 6/10
  1111 | D:2      | Noticed Sigmund
  1119 | D:2      | Killed Sigmund
  1120 | D:2      | Reached skill level 5 in Spellcasting
  1120 | D:2      | Reached XP level 4. HP: 15/24 MP: 0/13
  1120 | D:2      | Reached XP level 5. HP: 17/28 MP: 0/14
  1285 | D:2      | You fall into a shaft and drop 1 floor!
  1443 | D:2      | Noticed Robin
  1452 | D:2      | Killed Robin
  1674 | D:2      | Found a bloodstained altar of Trog.
  2822 | D:3      | Found a shadowy altar of Dithmenos.
  2906 | D:3      | Found a blossoming altar of Fedhas.
  3179 | D:3      | Reached XP level 6. HP: 32/32 MP: 9/16
  3712 | D:4      | Found a glowing golden altar of the Shining One.
  3831 | D:4      | Learned a level 3 spell: Inner Flame
  3969 | D:4      | Learned a level 5 spell: Fireball
  4144 | D:4      | Noticed Edmund
  4439 | D:4      | Killed Edmund
  4440 | D:4      | Reached skill level 6 in Spellcasting
  4440 | D:4      | Reached XP level 7. HP: 26/37 MP: 5/18
  5002 | D:5      | Entered Level 5 of the Dungeon
  5272 | D:5      | Reached skill level 1 in Fighting
  5313 | D:5      | Found a hide-covered altar of Uskayaw.
  5318 | D:5      | Found a snail-covered altar of Cheibriados.
  5386 | D:5      | Reached skill level 5 in Stealth
  5393 | D:5      | Reached skill level 7 in Spellcasting
  5626 | D:5      | Reached skill level 5 in Fire Magic
  5779 | D:5      | Found a hide-covered altar of Uskayaw.
  6234 | D:5      | Found an ancient bone altar of Kikubaaqudgha.
  6239 | D:5      | Reached XP level 8. HP: 43/43 MP: 15/21
  6293 | D:5      | Reached skill level 5 in Dodging
  6472 | D:6      | Found a sand-covered staircase.
  6489 | Ossuary  | Entered an ossuary
  6509 | Ossuary  | Gained mutation: Your magical capacity is low. (-10% MP)
                  | [potion of mutation]
  6509 | Ossuary  | Gained mutation: You are agile. (Dex +2) [potion of
                  | mutation]
  6533 | Ossuary  | Reached skill level 8 in Spellcasting
  7668 | D:6      | Reached skill level 5 in Conjurations
  7741 | D:6      | Found a burning altar of Makhleb.
  7747 | D:6      | Reached skill level 9 in Spellcasting
  7863 | D:6      | Found a white marble altar of Elyvilon.
  8052 | D:6      | Found a sacrificial altar of Ru.
  8170 | D:6      | Found a white marble altar of Elyvilon.
  8453 | D:7      | Found Asathecs's Weapon Shop.
  8566 | D:7      | Noticed a cyclops
  8582 | D:7      | Killed a cyclops
  8583 | D:7      | Reached XP level 9. HP: 19/50 MP: 10/22
  8584 | D:7      | Noticed Joseph
  8804 | D:7      | Killed Joseph
  8805 | D:7      | Reached skill level 10 in Spellcasting
  9369 | D:7      | Found a staircase to the Ecumenical Temple.
  9424 | Temple   | Entered the Ecumenical Temple
  9459 | Temple   | Became a worshipper of Gozag Ym Sagoz the Greedy
 10954 | D:8      | Noticed a two-headed ogre
 11486 | D:8      | HP: 1/52 [two-headed ogre/+0 giant club (27)]
 11488 | D:8      | Killed a two-headed ogre
 11489 | D:8      | Reached skill level 11 in Spellcasting
 11489 | D:8      | Reached XP level 10. HP: 30/56 MP: 14/24
 11929 | D:8      | Found a sparkling altar of Nemelex Xobeh.
 12171 | D:9      | Found an ornate altar of the Wu Jian Council.
 12717 | D:9      | Killed themself with a badly aimed fireball

Illustrated notes

Levels and vault maps discovered:
D:1:      dpeg_arrival_rhombi, layout_basic
D:2:      layout_basic, marbit_many_paths, uniq_robin, uniq_sigmund
D:3:      layout_loops_ring, general_overflow_altar, grunt_dithmenos_smoke,
          chequers_serial_rivers_room_b, grunt_decor_junction
D:4:      layout_loops_corners, nicolae_overflow_crystal_walls,
          hangedman_decor_peaks_small, uniq_edmund
D:5:      layout_gridville, overflow_temple_1_default, kennysheep_little_box,
          kennysheep_vampire_church, basic_altar
D:6:      layout_loops_ring, makhleb_heckhound_becter, kennysheep_mini_moat,
          nicolae_ru_path_of_blood, basic_altar,
          nicolae_ossuary_entry_false_entrances,
          eino_small_chamber_without_monster, chequers_garden
D:7:      layout_loops_ring, minmay_temple_entry_trees, serial_shops,
          nicolae_shop_waterfront, uniq_joseph
D:8:      layout_loops_ring, lemuel_coloured_pillars_altar
D:9:      layout_cave_pods, pdpol_wu_jian_five_deadly_venoms,
          old_standard_altar, orc_0_dummy
Temple:   nicolae_temple_figure_zero

Skill      XL: |  1  2  3  4  5  6  7  8  9 |
---------------+----------------------------+-----
Stealth        | 3 4 5 |  5.0
Dodging        | 3 4 6 7 |  7.7
Spellcasting   | 5 6 7 9 11 | 11.7
Conjurations   | 2 3 4 5 6 |  6.8
Fire Magic     | 4 5 6 7 |  7.5
Fighting       | 1 3 4 |  4.3

Action                   |  1- 3 |  4- 6 |  7- 9 | 10-12 || total
-------------------------+-------+-------+-------+-------++-------
Melee: Dagger            |     1 |     9 |       |       ||    10
       Flail             |       |       |    19 |     3 ||    22
 Cast: Foxfire           |    56 |   203 |   427 |    68 ||   754
       Fireball          |       |     1 |    16 |     6 ||    23
       Inner Flame       |       |       |     4 |     2 ||     6
Invok: Call Merchant     |       |       |       |     1 ||     1
  Use: Scroll            |       |     9 |    19 |       ||    28
       Potion            |       |       |     7 |       ||     7
 Stab: Invisible         |       |       |     1 |       ||     1
Armor: Robe              |     1 |     4 |    26 |     2 ||    33
Dodge: Dodged            |     8 |    27 |    97 |    10 ||   142
